 Dungeon Crawl Stone Soup version 0.31.0-12-g77e489cdc1 (webtiles) character file.

Game seed: 14379941091298403917

1845 Doomgape the Trooper (level 8, -6/66 HPs)
             Began as a Demonspawn Shapeshifter on Feb 18, 2024.
             Was a Believer of Okawaru.
             Mangled by a vampire (12 damage)
             ... on level 7 of the Dungeon.
             The game lasted 00:25:50 (5044 turns).

Doomgape the Trooper (Demonspawn Shapeshifter)      Turns: 5044, Time: 00:25:50

Health: -6/66      AC:  4    Str: 17    XL:     8   Next: 88%
Magic:  8/8        EV: 12    Int: 11    God:    Okawaru [**....]
Gold:   435        SH:  0    Dex: 28    Spells: 7/7 levels left

rFire   . . .        h - +7 quarterstaff "Nisurum" {protect, rC+ Dex+4}
rCold   + . .        (shield currently unavailable)
rNeg    . . .        u - +0 leather armour
rPois   .            (helmet currently unavailable)
rElec   .            (cloak currently unavailable)
rCorr   .            (gloves currently unavailable)
SInv    .            (boots currently unavailable)
Will    .....        g - amulet of regeneration
Stlth   +            r - +6 ring of dexterity
HPRegen 1.11/turn    w - +6 ring of dexterity
MPRegen 0.11/turn

%: no passive effects
@: confused, beast-form, hasted, very quick
A: beast (slay +3), claws 2, rugged brown scales 1, foul stench 1, powered by
pain 1
a: Begin Untransformation, Renounce Religion, Heroism


You were on level 7 of the Dungeon.
You worshipped Okawaru.
Okawaru was pleased with you.
You were a hulking beast.
You visited 2 branches of the dungeon, and saw 8 of its levels.

You collected 435 gold pieces.

Inventory:

Hand Weapons
 f - a +4 heavy hand axe
 h - the +7 quarterstaff "Nisurum" (weapon) {protect, rC+ Dex+4}
   (You found it on level 6 of the Dungeon)

   Dex+4:     It affects your dexterity (+4).
   rC+:       It protects you from cold.
Missiles
 a - 4 javelins (quivered)
 A - 4 silver javelins
Armour
 j - a +2 cloak of willpower
 u - a +0 leather armour (worn)
Jewellery
 g - an amulet of regeneration (around neck)
 r - a +6 ring of dexterity (left claw)
 w - a +6 ring of dexterity (right claw)
Talismans
 c - a beast talisman
 d - a flux talisman
Wands
 m - a wand of charming (23)
 t - a wand of flame (25)
Scrolls
 e - 2 scrolls of identify
 k - 3 scrolls of teleportation
 n - a scroll of fog
 o - 2 scrolls of enchant armour
 q - 2 scrolls of fear
 x - a scroll of torment {unknown}
 y - a scroll of noise {unknown}
 z - 2 scrolls of vulnerability
Potions
 b - a potion of lignification
 i - 2 potions of haste
 l - a potion of cancellation
 p - 3 potions of mutation
 s - a potion of enlightenment
 v - a potion of berserk rage


   Skills:
 + Level 6.7 Fighting
 - Level 1.7 Dodging
 + Level 6.6 Unarmed Combat
 + Level 6.1 Shapeshifting


You had 7 spell levels left.
You didn't know any spells.
Your spell library contained the following spells:

 Spells                   Type           Power      Damage    Failure   Level
 Apportation              Tloc           0%         N/A       41%         1
 Freeze                   Ice            0%         1d3       41%         1
 Necrotise                Necr           0%         1d4       41%         1
 Jinxbite                 Hex            0%         N/A       54%         2
 Frozen Ramparts          Ice            0%         1d1       78%         3
 Fugue of the Fallen      Necr           0%         N/A       78%         3
 Hailstorm                Conj/Ice       0%         3d5       78%         3
 Ozocubu's Armour         Ice            0%         N/A       78%         3
 Vampiric Draining        Necr           0%         2d6       78%         3
 Dimensional Bullseye     Hex/Tloc       0%         N/A       99%         4
 Iskenderun's Mystic Bla  Conj/Tloc      0%         2d3       99%         4
 Manifold Assault         Tloc           0%         N/A       99%         4
 Alistair's Intoxication  Alch           0%         N/A       100%        5
 Curse of Agony           Necr           0%         N/A       100%        5
 Tukima's Dance           Hex            Unusable   N/A       N/A         3
 Martyr's Knell           Necr/Summ      Unusable   N/A       N/A         4

Dungeon Overview and Level Annotations

Branches:
Dungeon (7/15)             Temple (1/1) D:6

Altars:
Ashenzari
Cheibriados
Fedhas
Gozag
Hepliaklqana
Kikubaaqudgha
Nemelex Xobeh
Okawaru
Qazlal
Ru
Sif Muna
Trog
Uskayaw
Vehumet
Wu Jian
Xom
Yredelemnul


Innate Abilities, Weirdness & Mutations

You are a hulking beast.
Your limbs bulge with bestial killing power. (Slay +3)
You have very sharp fingernails.
You are partially covered in rugged brown scales. (AC +1, +3% HP)
You may rarely emit foul miasma when damaged in melee.
You sometimes gain a little power by taking damage.


Message History

You sock the vampire!
The vampire is severely damaged.
The vampire barely misses you. The vampire closely misses you.
Unknown command.
You sock the vampire!
The vampire is almost destroyed.
The vampire mumbles some strange words.
The vampire flickers and vanishes!
Deactivating autopickup; reactivate with Ctrl-A.
Unknown command.
You miss something. Something hits you! Something bites you.
Something draws strength from your injuries!
Something hits you. Something bites you but does no damage.
Unknown command.
You hit something. Something draws life force from you!!
Unknown command.
You miss something. Something draws life force from you!
* * * LOW HITPOINT WARNING * * *
Unknown command.
Unknown command.
Something hits you.
* * * LOW HITPOINT WARNING * * *
Something bites you but does no damage.
Okay, then.
You hear some strange, mumbled words.
You are confused.
You're too confused to move!
Unknown command.
You are too confused!
Unknown command.
You feel yourself speed up. Something hits you but does no damage.
Something bites you.
* * * LOW HITPOINT WARNING * * *
Something draws strength from your injuries!
Unknown command.
Unknown command.
Something hits you!
* * * LOW HITPOINT WARNING * * *
Something bites you!
You die...

### .. ..###.#
## #.##..####
.. #..#.#...
#.###..._.... #
#.....##.##
##.####.......#
........###...#
...........h..#
#.####.#######
#.# #.# ## #.#
.. #.# #. #.#
#.. ##>##
#..###...#


There were no monsters in sight!

Vanquished Creatures
  Grinder (D:5)
  Sigmund (D:2)
  2 ice beasts
  A black bear (D:5)
  A sky beast (D:5)
  A centaur (D:7)
  A bullfrog (D:6)
  Blork the orc (D:5)
  A scorpion (D:5)
  A howler monkey (D:6)
  2 bombardier beetles (D:5)
  6 hounds
  2 orc priests
  Crazy Yiuf (D:3)
  2 sleepcaps (D:6)
  Ijyb (D:5)
  5 iguanas
  4 orc wizards
  5 adders
  2 shadow imps (D:6)
  2 white imps (D:6)
  2 ufetubi (D:5)
  A dart slug (D:2)
  16 orcs
  8 endoplasms
  5 giant cockroaches
  11 hobgoblins
  3 jackals
  2 quokkas
  6 ball pythons
  5 bats
  4 frilled lizards
  3 goblins
  7 kobolds
  3 rats
119 creatures vanquished.

Notes
Turn   | Place    | Note
-------+----------+-------------------------------------------
     0 | D:1      | Doomgape the Demonspawn Shapeshifter began the quest for
                  | the Orb.
     0 | D:1      | Reached XP level 1. HP: 15/15 MP: 1/1
   216 | D:1      | Gained mutation: You are partially covered in rugged brown
                  | scales. (AC +1, +3% HP) [demonic ancestry]
   216 | D:1      | Reached XP level 2. HP: 11/21 MP: 2/2
  1126 | D:2      | Gained mutation: You sometimes gain a little power by
                  | taking damage. [demonic ancestry]
  1126 | D:2      | Reached XP level 3. HP: 27/27 MP: 3/3
  1236 | D:2      | Found a faded altar of an unknown god.
  1444 | D:2      | Noticed Sigmund
  1632 | D:2      | Killed Sigmund
  1633 | D:2      | Gained mutation: You have sharp fingernails. [demonic
                  | ancestry]
  1633 | D:2      | Reached XP level 4. HP: 21/36 MP: 4/4
  1633 | D:2      | Gained mutation: You may rarely emit foul miasma when
                  | damaged in melee. [demonic ancestry]
  1633 | D:2      | Reached XP level 5. HP: 24/42 MP: 5/5
  2295 | D:3      | Found a broken altar of Ashenzari.
  2324 | D:3      | Found a basalt altar of Yredelemnul.
  2475 | D:3      | Found a runed translucent door.
  2476 | D:3      | Noticed Crazy Yiuf
  2488 | D:3      | Killed Crazy Yiuf
  2489 | D:3      | Reached XP level 6. HP: 48/48 MP: 6/6
  3356 | D:5      | Entered Level 5 of the Dungeon
  3356 | D:5      | Noticed Ijyb
  3369 | D:5      | Killed Ijyb
  3409 | D:5      | Found an iron altar of Okawaru.
  3413 | D:5      | Noticed a sky beast
  3416 | D:5      | Became a worshipper of Warmaster Okawaru
  3440 | D:5      | Killed a sky beast
  3479 | D:5      | Gained mutation: You have very sharp fingernails. [demonic
                  | ancestry]
  3479 | D:5      | Reached XP level 7. HP: 47/56 MP: 7/7
  3517 | D:5      | Found an opulent altar of Gozag.
  3533 | D:5      | Noticed Blork the orc
  3543 | D:5      | Killed Blork the orc
  3637 | D:5      | Reached skill level 5 in Unarmed Combat
  3656 | D:5      | Found a radiant altar of Vehumet.
  3656 | D:5      | Found a faded altar of an unknown god.
  3662 | D:5      | Found a shimmering altar of Xom.
  3666 | D:5      | Found a bloodstained altar of Trog.
  3754 | D:5      | Reached * piety under Okawaru
  3767 | D:5      | Reached skill level 5 in Fighting
  3907 | D:5      | Reached skill level 5 in Shapeshifting
  4054 | D:5      | Noticed Grinder
  4066 | D:5      | Reached XP level 8. HP: 51/64 MP: 8/8
  4090 | D:5      | Killed Grinder
  4412 | D:6      | Identified the +7 quarterstaff "Nisurum" {protect, rC+
                  | Dex+4}
  4574 | D:6      | Found a staircase to the Ecumenical Temple.
  4579 | Temple   | Entered the Ecumenical Temple
  4624 | D:6      | Reached ** piety under Okawaru
  4764 | D:6      | Found an ancient bone altar of Kikubaaqudgha.
  5027 | D:7      | Found a blossoming altar of Fedhas.
  5044 | D:7      | Mangled by a vampire

Illustrated notes

Levels and vault maps discovered:
D:1:      hellmonk_arrival_library, layout_basic
D:2:      layout_basic, dilly_ecumenical_altar_fadedgnrine,
          dreamdust_wishing_well, minmay_misc_feat_four_crosses,
          hangedman_feature_mirror, skrybe_limestone_x, minmay_diced_spiral,
          uniq_sigmund
D:3:      layout_loops_corners, mainiacjoe_overflow_cross_hatched,
          mainiacjoe_overflow_small_starburst, uniq_crazy_yiuf_cottage
D:4:      layout_basic
D:5:      layout_gridville, okawaru_trees_2, grunt_gozag_statues,
          chequers_temple_overflow_minitemple, minmay_misc_feat_columns,
          minmay_stone_trees_small, st_stairs_6, kennysheep_small_circle,
          uniq_grinder, uniq_blork_the_orc, uniq_ijyb
D:6:      layout_rooms, nicolae_kikubaaqudgha_miasma_corner,
          minmay_temple_entry_nine_rooms, centaur_isle
D:7:      layout_loops_ring, bloody_makhleb, lemuel_crystal_altar
Temple:   hellmonk_temple_micro_hex

Skill      XL: |  1  2  3  4  5  6  7  8 |
---------------+-------------------------+-----
Unarmed Combat | 3 4 5 6 |  6.6
Shapeshifting  | 3 4 5 6 |  6.1
Fighting       | 2 3 4 5 6 |  6.7
Dodging        | |  1.7

Action                     |  1- 3 |  4- 6 |  7- 9 || total
---------------------------+-------+-------+-------++-------
  Melee: Unarmed           |    51 |    88 |   110 ||   249
         Punch             |     3 |     3 |     8 ||    14
         Hand axe          |    52 |       |       ||    52
         Quarterstaff      |       |       |    63 ||    63
 Invoke: Heroism           |       |       |     1 ||     1
  Evoke: Wand              |       |       |     3 ||     3
    Use: Scroll            |     6 |     3 |    10 ||    19
         Potion            |     2 |     1 |     3 ||     6
   Stab: Sleeping          |     2 |       |       ||     2
 Armour: Animal skin       |    78 |    48 |    49 ||   175
         Leather armour    |       |       |    96 ||    96
  Dodge: Dodged            |    50 |    39 |   104 ||   193
